 Dungeon Crawl Stone Soup version 0.30-a0-576-g89cddaab80 (webtiles) character file.

Game seed: 2454577826786280508

44 Dordric the Cudgeller (level 3, -2/23 HPs)
             Began as a Gargoyle Fighter on Dec 30, 2022.
             Slain by Sigmund
             ... wielding a +3 scythe of protection
              (7 damage)
             ... on level 2 of the Dungeon.
             The game lasted 00:01:19 (1166 turns).

Dordric the Cudgeller (Gargoyle Fighter)            Turns: 1166, Time: 00:01:19

Health: -2/23      AC: 12    Str: 21    XL:     3   Next: 60%
Magic:  3/3        EV:  7    Int:  8    God:
Gold:   65         SH:  4    Dex:  9    Spells: 2/2 levels left

rFire   . . .      SeeInvis .    a - +0 flail
rCold   + . .      Faith    .    c - +0 buckler
rNeg    + . .      Spirit   .    m - +0 chain mail
rPois   ∞          Reflect  .    (no helmet)
rElec   +          Harm     .    (no cloak)
rCorr   .          Rampage  .    (no gloves)
Will    .....                    (no boots) Stlth
                                 (no amulet)
HPRegen 0.23/turn                (no ring)
MPRegen 0.08/turn                (no ring)

@: mighty, unable to read
A: sickness immunity, AC +3, negative energy resistance 1, electricity
resistance, torment resistance 1, petrification resistance, cold resistance 1,
wild magic 1, inability to read after injury 1
a: no special abilities


You were on level 2 of the Dungeon.
You visited 1 branch of the dungeon, and saw 2 of its levels.

You collected 65 gold pieces.

Inventory:

Hand Weapons
 a - a +0 flail (weapon)
Armour
 b - a +0 scale mail
 c - a +0 buckler (worn)
 m - a +0 chain mail (worn)
Scrolls
 f - a scroll of amnesia {unknown}
 g - a scroll of enchant weapon {unknown}
 h - a scroll of teleportation {unknown}
 i - a scroll of fog {unknown}
 j - a scroll of noise {unknown}
 k - a scroll of immolation {unknown}
 l - a scroll of summoning {unknown}
 n - a scroll of magic mapping {unknown}
 p - a scroll of poison {unknown}
Potions
 e - a potion of invisibility {unknown}
 o - a potion of magic {unknown}


   Skills:
 - Level 3.2 Fighting
 + Level 3.9 Maces & Flails
 - Level 3.2 Armour
 - Level 3.2 Shields


You had 2 spell levels left.
You didn't know any spells.
Your spell library was empty.

Dungeon Overview and Level Annotations

Branches:
Dungeon (2/15)

Altars:

Shops:
D:1 (

Annotations:
D:2 Sigmund


Innate Abilities, Weirdness & Mutations

You are immune to sickness and miasma.
Your stone body is resilient. (AC +3)
You are immune to poison.
You resist negative energy. (rN+)
You are resistant to electric shocks. (rElec)
You are resistant to unholy torment.
You are immune to petrification.
Your flesh is cold resistant. (rC+)
Your spells are a little harder to cast, but a little more powerful.
You occasionally lose the ability to read scrolls when taking damage.


Message History

Found 12 gold pieces.
The hobgoblin hits you but does no damage.
You hit the hobgoblin.
The hobgoblin is severely wounded.
The hobgoblin hits you but does no damage.
The hobgoblin closely misses you.
You closely miss the hobgoblin.
The hobgoblin is severely wounded.
The hobgoblin hits you but does no damage.
You hit the hobgoblin.
You kill the hobgoblin!
No target in view!
No target in view!
No target in view!
No target in view!
No target in view!
You now have 65 gold pieces (gained 12).
Found a dagger.
p - a scroll labelled RERYEG ZYULOTZULY You see here a +0 sling.
Found 6 stones.
No target in view!
Sigmund the Dreaded comes into view.
He is wielding a +3 scythe of protection.
Sigmund shouts!
Sigmund points at you and mumbles some strange words.
The magic dart hits you but does no damage.
Sigmund is nearby!
Sigmund is nearby!
Sigmund mumbles some strange words.
Sigmund flickers and vanishes!
Deactivating autopickup; reactivate with Ctrl-A.
You feel very mighty all of a sudden. Something hits you. Something hits you!
You closely miss something. Something hits you.
* * * LOW HITPOINT WARNING * * *
You closely miss something. You miss something. Something hits you!
You feel threatened and lose the ability to read scrolls!
You die...

########### #..........
#..........
########.......!.. ######
#.................
####....####.#####.(.########
)...............@...##
####.....#########..# #....##
#..# #....# #..# #....# #..#
#....# ...# #....# .#.#
###### ###.# .#


There were no monsters in sight!

Vanquished Creatures
  A dart slug (D:1)
  5 endoplasms (D:1)
  2 goblins (D:1)
  4 hobgoblins
  7 jackals (D:1)
  5 ball pythons (D:1)
  2 bats (D:1)
  4 frilled lizards (D:1)
  3 kobolds (D:1)
  4 rats
37 creatures vanquished.

Notes
Turn   | Place    | Note
-------+----------+-------------------------------------------
     0 | D:1      | Dordric the Gargoyle Fighter began the quest for the Orb.
     0 | D:1      | Reached XP level 1. HP: 14/14 MP: 1/1
   190 | D:1      | Reached XP level 2. HP: 15/19 MP: 2/2
   464 | D:1      | Found Dios's Antique Weapon Shop.
   519 | D:1      | Gained mutation: You occasionally lose the ability to read
                  | scrolls when taking damage. [potion of mutation]
   519 | D:1      | Gained mutation: Your flesh is cold resistant. (rC+)
                  | [potion of mutation]
   519 | D:1      | Gained mutation: Your spells are a little harder to cast,
                  | but a little more powerful. [potion of mutation]
   524 | D:1      | Reached XP level 3. HP: 6/23 MP: 3/3
  1150 | D:2      | Noticed Sigmund
  1166 | D:2      | Slain by Sigmund

Illustrated notes

Levels and vault maps discovered:
D:1:      dpeg_arrival_round_c, layout_loops_ring, serial_shops,
          nicolae_shop_crystal, chequers_serial_rivers_large_b,
          minmay_misc_feat_alley, minmay_surrounded
D:2:      layout_rooms, uniq_sigmund

Skill      XL: |  1  2 |
---------------+-------+-----
Maces & Flails | 3 |  3.9
Fighting       | |  3.2
Armour         | |  3.2
Shields        | |  3.2

Action                   || total
-------------------------++-------
Melee: Flail             ||    99
  Use: Potion            ||     3
Armor: Scale mail        ||    86
       Chain mail        ||     4
Dodge: Dodged            ||    69
Block: Buckler           ||    31

Table legend: (Time is in decaauts)
 A = Elapsed time spent in this place.
 B = Non-inter-level travel time spent in this place.
 C = Inter-level travel time spent in this place.
 D = Time resting spent in this place.
 E = Time spent auto-exploring this place.
 F = Levels seen in this place.
 G = Mean time per level.
                   A        B        C        D        E       F      G
               +--------+--------+--------+--------+--------+-----+--------+
         Total |   1219 |   1179 |     40 |      0 |    933 |   2 |  609.5 |
       Dungeon |   1219 |   1179 |     40 |      0 |    933 |   2 |  609.5 |
               +--------+--------+--------+--------+--------+-----+--------+

Top non-repeatable levels by time:
     D:1: 1070 daAuts
     D:2: 149 daAuts
